IL
NASHVILLE SOUNDS @ CHARLOTTE KNIGHTS
06/19/2048
 
TOP OF THE 1ST
Nashville Sounds batting - Pitching for Charlotte Knights : LHP Isaias Felix
Pitching: LHP Isaias Felix
Batting: SHB Robert Santiago 0-0: Foul Ball, location: 2F
0-1: Swinging Strike
0-2: Ground out 6-3 (Groundball, 6, EV 84.4 MPH)
Batting: RHB Wade Diamond 0-0: Ball
1-0: Foul Ball, location: 2F
1-1: Called Strike
1-2: Ball
2-2: SINGLE (Line Drive, 8RS, EV 105.6 MPH)
Batting: RHB Tim Cordle 0-0: Ball
1-0: SINGLE (Line Drive, 9S, EV 108.1 MPH)
Wade Diamond to second
Batting: RHB David Herrera 0-0: Called Strike
0-1: Ball
1-1: Called Strike
1-2: Ball
2-2: Strikes out swinging
Batting: LHB Tomas Segarra 0-0: Swinging Strike
0-1: Swinging Strike
0-2: Ball
1-2: Fly out, F8 (Line Drive, 8LD, EV 96.9 MPH)
Top of the 1st over - 0 runs, 2 hits, 0 errors, 2 left on base; Nashville 0 - Charlotte 0
BOTTOM OF THE 1ST
Charlotte Knights batting - Pitching for Nashville Sounds : LHP Kevin Clark
Pitching: LHP Kevin Clark
Batting: RHB Ron Johansen 0-0: Ball
1-0: Called Strike
1-1: SINGLE (Groundball, 56S, EV 61.9 MPH) (infield hit)
Batting: RHB Micah Brown 0-0: Foul Ball, location: 2F
0-1: Called Strike
0-2: Foul Ball, location: 2F
0-2: Ball
1-2: Foul Ball, location: 2F
1-2: Strikes out swinging
Batting: RHB Fletcher Easter 0-0: Called Strike
Ron Johansen steals 2nd, throwing error, E2
Ron Johansen to third
0-1: Foul Ball, location: 2F
0-2: Foul Ball, location: 2F
0-2: Strikes out swinging
Batting: LHB Carlos Ramirez 0-0: Ball
1-0: DOUBLE (Line Drive, 78D, EV 106.2 MPH)
Ron Johansen scores
Batting: RHB Jeremy Hoffert 0-0: Foul Ball, location: 2F
0-1: Ball
1-1: Called Strike
1-2: Foul Ball, location: 2F
1-2: Fly out, F7 (Flyball, 7D, EV 79.4 MPH)
Bottom of the 1st over - 1 run, 2 hits, 1 error, 1 left on base; Nashville 0 - Charlotte 1
TOP OF THE 2ND
Nashville Sounds batting - Pitching for Charlotte Knights : LHP Isaias Felix
Batting: RHB Ryan Kinkead 0-0: Ball
1-0: Foul Ball, location: 2F
1-1: SINGLE (Groundball, 6D, EV 93.8 MPH)
Batting: SHB Ryan Chicoine 0-0: SINGLE (Groundball, 6MD, EV 98.1 MPH)
Ryan Kinkead to second
Batting: SHB D.J. Codd 0-0: Foul Ball, location: 2F
0-1: Ball
1-1: Swinging Strike
1-2: Strikes out swinging
Batting: LHB Zachary DeLuca 0-0: Called Strike
0-1: Foul Ball, location: 2F
0-2: Ball
1-2: Ball
2-2: Foul Ball, location: 2F
2-2: Foul Ball, location: 2F
2-2: Ball
3-2: Foul Ball, location: 2F
3-2: Foul Ball, location: 2F
3-2: Fly out, F9 (Flyball, 9, EV 75.0 MPH)
Batting: SHB Robert Santiago 0-0: Ground out 6-3 (Groundball, 6S, EV 86.9 MPH)
Top of the 2nd over - 0 runs, 2 hits, 0 errors, 2 left on base; Nashville 0 - Charlotte 1
BOTTOM OF THE 2ND
Charlotte Knights batting - Pitching for Nashville Sounds : LHP Kevin Clark
Batting: RHB Kikuo Sato 0-0: Called Strike
0-1: Fly out, F9 (Flyball, 9D, EV 84.4 MPH)
Batting: LHB Adam Tarbutton 0-0: Ball
1-0: Ground out 5-3 (Groundball, 5L, EV 79.4 MPH)
Batting: SHB Matt Childers 0-0: Ball
1-0: Called Strike
1-1: Ball
2-1: Ball
3-1: Called Strike
3-2: Strikes out swinging
Bottom of the 2nd over - 0 runs, 0 hits, 0 errors, 0 left on base; Nashville 0 - Charlotte 1
TOP OF THE 3RD
Nashville Sounds batting - Pitching for Charlotte Knights : LHP Isaias Felix
Batting: RHB Wade Diamond 0-0: Ball
1-0: Foul Ball, location: 2F
1-1: SINGLE (Groundball, 23, EV 89.4 MPH) (infield hit)
Batting: RHB Tim Cordle 0-0: Called Strike
0-1: Foul Ball, location: 2F
0-2: Foul Ball, location: 2F
0-2: Reached on error, E5 (Groundball, 56, EV 78.8 MPH)
Wade Diamond to second
Batting: RHB David Herrera 0-0: Ball
1-0: Swinging Strike
1-1: Foul Ball, location: 2F
1-2: Grounds into double play, 5-4-3 (Groundball, 56S, EV 79.4 MPH)
Wade Diamond to third
Batting: LHB Tomas Segarra 0-0: Ball
1-0: Ball
2-0: Ground out 5-3 (Groundball, 5L, EV 85.0 MPH)
Top of the 3rd over - 0 runs, 1 hit, 1 error, 1 left on base; Nashville 0 - Charlotte 1
BOTTOM OF THE 3RD
Charlotte Knights batting - Pitching for Nashville Sounds : LHP Kevin Clark
Batting: RHB Steve Waltenbery 0-0: Ball
1-0: Ball
2-0: Called Strike
2-1: Ball
3-1: Foul Ball, location: 2F
3-2: Foul Ball, location: 2F
3-2: Strikes out swinging
Batting: RHB Ron Johansen 0-0: Ball
1-0: Ball
2-0: Foul Ball, location: 2F
2-1: Foul Ball, location: 2F
2-2: Ball
3-2: Foul Ball, location: 2F
3-2: Base on Balls
Batting: RHB Micah Brown 0-0: Ball
1-0: Called Strike
1-1: Foul Ball, location: 2F
1-2: Ball
2-2: Ball
3-2: Ground out 6-3 (Groundball, 6, EV 86.2 MPH)
Ron Johansen to second
Batting: RHB Fletcher Easter 0-0: Ground out 6-3 (Groundball, 56D, EV 86.9 MPH)
Bottom of the 3rd over - 0 runs, 0 hits, 0 errors, 1 left on base; Nashville 0 - Charlotte 1
TOP OF THE 4TH
Nashville Sounds batting - Pitching for Charlotte Knights : LHP Isaias Felix
Batting: RHB Ryan Kinkead 0-0: Ball
1-0: Foul Ball, location: 2F
1-1: Foul Ball, location: 2F
1-2: Ground out 6-3 (Groundball, 6, EV 86.2 MPH)
Batting: SHB Ryan Chicoine 0-0: Ball
1-0: Ball
2-0: Foul Ball, location: 2F
2-1: Foul Ball, location: 2F
2-2: Ground out 4-3 (Groundball, 4, EV 87.5 MPH)
Batting: SHB D.J. Codd 0-0: Called Strike
0-1: Foul Ball, location: 2F
0-2: Foul Ball, location: 2F
0-2: Ball
1-2: Ball
2-2: Foul Ball, location: 2F
2-2: Fly out, F5 (Flyball, 56D, EV 93.1 MPH)
Top of the 4th over - 0 runs, 0 hits, 0 errors, 0 left on base; Nashville 0 - Charlotte 1
BOTTOM OF THE 4TH
Charlotte Knights batting - Pitching for Nashville Sounds : LHP Kevin Clark
Batting: LHB Carlos Ramirez 0-0: Called Strike
0-1: Foul Ball, location: 2F
0-2: Ball
1-2: Strikes out swinging
Batting: RHB Jeremy Hoffert 0-0: SINGLE (Groundball, 13S, EV 75.0 MPH) (infield hit)
Batting: RHB Kikuo Sato 0-0: Ball
1-0: Ball
2-0: DOUBLE (Line Drive, 9LM, EV 105.0 MPH)
Jeremy Hoffert to third
Runner from 3rd tries for Home, throw by RF and OUT! 9-4-2
Batting: LHB Adam Tarbutton 0-0: Ball
1-0: Foul Ball, location: 2F
1-1: Called Strike
1-2: Ground out 4-3 (Groundball, 4, EV 100.6 MPH)
Bottom of the 4th over - 0 runs, 2 hits, 0 errors, 1 left on base; Nashville 0 - Charlotte 1
TOP OF THE 5TH
Nashville Sounds batting - Pitching for Charlotte Knights : LHP Isaias Felix
Batting: LHB Zachary DeLuca 0-0: Ball
1-0: Called Strike
1-1: Swinging Strike
1-2: Foul Ball, location: 2F
1-2: Ball
2-2: Strikes out swinging
Batting: SHB Robert Santiago 0-0: Ball
1-0: Ground out 5-3 (Groundball, 5, EV 101.9 MPH)
Batting: RHB Wade Diamond 0-0: Ball
1-0: Ground out 5-3 (Groundball, 56S, EV 80.0 MPH)
Top of the 5th over - 0 runs, 0 hits, 0 errors, 0 left on base; Nashville 0 - Charlotte 1
BOTTOM OF THE 5TH
Charlotte Knights batting - Pitching for Nashville Sounds : LHP Kevin Clark
Batting: SHB Matt Childers 0-0: Called Strike
0-1: Foul Ball, location: 2F
0-2: Foul Ball, location: 2F
0-2: Fly out, F7 (Flyball, 78S, EV 90.6 MPH)
Batting: RHB Steve Waltenbery 0-0: Ball
1-0: Ground out 5-3 (Groundball, 56, EV 92.5 MPH)
Batting: RHB Ron Johansen 0-0: Foul Ball, location: 2F
0-1: Ground out 3-1 (Groundball, 34S, EV 82.5 MPH)
Bottom of the 5th over - 0 runs, 0 hits, 0 errors, 0 left on base; Nashville 0 - Charlotte 1
TOP OF THE 6TH
Nashville Sounds batting - Pitching for Charlotte Knights : LHP Isaias Felix
Batting: RHB Tim Cordle 0-0: Fly out, F8 (Flyball, 8RD, EV 105.6 MPH)
Batting: RHB David Herrera 0-0: Fly out, F8 (Flyball, 8LM, EV 85.0 MPH)
Batting: LHB Tomas Segarra 0-0: Ball
1-0: Fly out, F8 (Flyball, 78M, EV 92.5 MPH)
Top of the 6th over - 0 runs, 0 hits, 0 errors, 0 left on base; Nashville 0 - Charlotte 1
BOTTOM OF THE 6TH
Charlotte Knights batting - Pitching for Nashville Sounds : LHP Kevin Clark
Batting: RHB Micah Brown 0-0: Ball
1-0: Called Strike
1-1: Swinging Strike
1-2: Foul Ball, location: 2F
1-2: SOLO HOME RUN (Flyball, 89XD, EV 96.9 MPH), Distance : 392 ft
Batting: RHB Fletcher Easter 0-0: SINGLE (Groundball, 4D, EV 98.1 MPH)
Batting: LHB Carlos Ramirez 0-0: Called Strike
0-1: Ball
1-1: Grounds into double play, 4-6-3 (Groundball, 4, EV 100.0 MPH)
Batting: RHB Jeremy Hoffert 0-0: Ball
1-0: Foul Ball, location: 2F
1-1: Ball
2-1: Called Strike
2-2: Foul Ball, location: 2F
2-2: Fly out, F8 (Flyball, 89D, EV 94.4 MPH)
Bottom of the 6th over - 1 run, 2 hits, 0 errors, 0 left on base; Nashville 0 - Charlotte 2
TOP OF THE 7TH
Nashville Sounds batting - Pitching for Charlotte Knights : LHP Isaias Felix
Batting: RHB Ryan Kinkead 0-0: Ball
1-0: Called Strike
1-1: Ball
2-1: SINGLE (Groundball, 34D, EV 98.1 MPH)
Batting: SHB Ryan Chicoine 0-0: Sac Bunt to 3S - play at first, batter OUT! 3-1
Ryan Kinkead to second
Batting: SHB D.J. Codd 0-0: Called Strike
0-1: Ball
Wild Pitch!
Ryan Kinkead to third
1-1: SINGLE (Groundball, 4MD, EV 109.4 MPH)
Ryan Kinkead scores
Batting: RHB Jeff Garofalo 0-0: Ball
1-0: Called Strike
1-1: Ball
2-1: Swinging Strike
2-2: Fly out, F8 (Flyball, 8RXD, EV 97.5 MPH)
Batting: SHB Robert Santiago 0-0: Swinging Strike
0-1: Ball
1-1: SINGLE (Groundball, 56D, EV 98.1 MPH)
D.J. Codd to second
Batting: RHB Wade Diamond 0-0: Fly out, F9 (Line Drive, 9LS, EV 106.2 MPH)
Top of the 7th over - 1 run, 3 hits, 0 errors, 2 left on base; Nashville 1 - Charlotte 2
BOTTOM OF THE 7TH
Charlotte Knights batting - Pitching for Nashville Sounds : LHP Kevin Clark
Batting: RHB Kikuo Sato 0-0: Ground out 1-3 (Groundball, 13S, EV 68.1 MPH)
Batting: LHB Adam Tarbutton 0-0: Foul Ball, location: 2F
0-1: Fly out, F9 (Flyball, 9D, EV 88.1 MPH)
Batting: SHB Matt Childers 0-0: Fly out, F7 (Flyball, 7S, EV 81.9 MPH)
Bottom of the 7th over - 0 runs, 0 hits, 0 errors, 0 left on base; Nashville 1 - Charlotte 2
TOP OF THE 8TH
Nashville Sounds batting - Pitching for Charlotte Knights : LHP Isaias Felix
Pitching: RHP Luis Castillo
Now in RF: John Thurman
Batting: RHB Tim Cordle 0-0: Foul Ball, location: 2F
0-1: Ball
1-1: Swinging Strike
1-2: Strikes out swinging
Batting: RHB David Herrera 0-0: Foul Ball, location: 2F
0-1: Ball
1-1: Fly out, F8 (Line Drive, 8LD, EV 83.1 MPH)
Batting: LHB Tomas Segarra 0-0: Foul Ball, location: 2F
0-1: Ball
1-1: Ground out 4-3 (Groundball, 34S, EV 88.1 MPH)
Top of the 8th over - 0 runs, 0 hits, 0 errors, 0 left on base; Nashville 1 - Charlotte 2
BOTTOM OF THE 8TH
Charlotte Knights batting - Pitching for Nashville Sounds : LHP Kevin Clark
Batting: RHB Steve Waltenbery 0-0: Called Strike
0-1: Ground out 6-3 (Groundball, 6D, EV 85.6 MPH)
Batting: RHB Ron Johansen 0-0: Swinging Strike
0-1: SINGLE (Line Drive, 8LS, EV 100.0 MPH)
Batting: RHB Micah Brown 0-0: SINGLE (Line Drive, 78S, EV 88.1 MPH)
Ron Johansen to second
Pitching: RHP Kevin Endsley
Batting: RHB Fletcher Easter 0-0: Foul Ball, location: 2F
0-1: Ball
1-1: SINGLE (Line Drive, 89S, EV 86.2 MPH)
Ron Johansen to third
Micah Brown to second
Batting: LHB Carlos Ramirez 0-0: Ball
1-0: Ball
2-0: Called Strike
2-1: Swinging Strike
2-2: Strikes out swinging
Batting: RHB Jeremy Hoffert 0-0: Called Strike
0-1: Ball
1-1: SINGLE (Line Drive, 7S, EV 104.4 MPH)
Ron Johansen scores
Micah Brown to third
Fletcher Easter to second
Runner from 3rd tries for Home, SAFE, throw by LF to home
Batting: RHB Kikuo Sato 0-0: Called Strike
0-1: Ball
1-1: DOUBLE (Line Drive, 9LM, EV 104.4 MPH)
Fletcher Easter scores
Jeremy Hoffert to third
Batting: LHB John Thurman 0-0: Ball
1-0: Ball
2-0: Ball
3-0: Base on Balls
Batting: SHB Matt Childers 0-0: Ball
1-0: Ball
2-0: Foul Ball, location: 2F
2-1: Fielders Choice at 2nd, 5-4 (Groundball, 56, EV 89.4 MPH)
Bottom of the 8th over - 3 runs, 5 hits, 0 errors, 3 left on base; Nashville 1 - Charlotte 5
TOP OF THE 9TH
Nashville Sounds batting - Pitching for Charlotte Knights : RHP Luis Castillo
Batting: RHB Ryan Kinkead 0-0: Called Strike
0-1: Foul Ball, location: 2F
0-2: Strikes out looking
Batting: SHB Ryan Chicoine 0-0: Called Strike
0-1: Ball
1-1: Ball
2-1: Ball
3-1: Foul Ball, location: 2F
3-2: Base on Balls
Batting: SHB D.J. Codd 0-0: Ball
1-0: Called Strike
1-1: Ball
2-1: Called Strike
2-2: Ball
3-2: Foul Ball, location: 2F
3-2: Foul Ball, location: 2F
3-2: Foul Ball, location: 2F
3-2: Strikes out swinging
Ryan Chicoine is caught stealing 2nd base 2-6
Batter strikes out.
Top of the 9th over - 0 runs, 0 hits, 0 errors, 0 left on base; Nashville 1 - Charlotte 5
Tuesday, March 28th , 2023 - OOTP Baseball 23.10 Build 110